 Dungeon Crawl Stone Soup version 0.31.0-32-g396128a36d (webtiles) character file.

Game seed: 2927380676164500901

71 AdnanSaban the Covered (level 4, 0/28 HPs)
             Began as a Gargoyle Fighter on Apr 19, 2024.
             Slain by Sigmund
             ... wielding a +2 scythe of flaming
              (2 damage)
             ... on level 2 of the Dungeon.
             The game lasted 00:01:13 (1542 turns).

AdnanSaban the Covered (Gargoyle Fighter)           Turns: 1542, Time: 00:01:14

Health: 0/28       AC: 10    Str: 21    XL:     4   Next: 24%
Magic:  4/4        EV:  9    Int:  9    God:
Gold:   112        SH:  4    Dex:  9    Spells: 3/3 levels left

rFire   . . .        a - +0 flail
rCold   . . .        c - +0 buckler
rNeg    + . .        b - +0 scale mail
rPois   ∞            (no helmet)
rElec   +            (no cloak)
rCorr   .            (no gloves)
SInv    .            (no boots)
Will    .....        (no amulet) Stlth
                     (no ring)
HPRegen 0.24/turn    (no ring)
MPRegen 0.09/turn

%: no passive effects
@: no status effects
A: sickness immunity, AC +3, negative energy resistance 1, electricity
resistance, torment resistance 1, petrification resistance
a: no special abilities


You were on level 2 of the Dungeon.
You visited 1 branch of the dungeon, and saw 2 of its levels.

You collected 112 gold pieces.

Inventory:

Hand Weapons
 a - a +0 flail (weapon)
Missiles
 q - 5 poisoned darts (quivered)
Armour
 b - a +0 scale mail (worn)
 c - a +0 buckler (worn)
Jewellery
 n - a ring of fire
Scrolls
 f - 2 scrolls of fear {unknown}
 h - 2 scrolls of identify {unknown}
 i - a scroll of blinking {unknown}
 k - a scroll of enchant weapon {unknown}
 l - a scroll of noise {unknown}
 o - a scroll of amnesia {unknown}
 r - a scroll of revelation {unknown}
Potions
 d - a potion of might
 e - a potion of mutation {unknown}
 g - a potion of attraction {unknown}
 j - 2 potions of brilliance {unknown}
 m - a potion of haste {unknown}
 p - a potion of degeneration {unknown}


   Skills:
 + Level 3.6 Fighting
 + Level 2.6 Maces & Flails
 + Level 4.2 Armour
 + Level 0.4 Dodging
 + Level 3.7 Shields


You had 3 spell levels left.
You didn't know any spells.
Your spell library contained the following spells:

 Spells                   Type           Power      Damage    Failure   Level
 Call Imp                 Summ           0%         N/A       89%         2
 Tukima's Dance           Hex            0%         N/A       98%         3
 Dimensional Bullseye     Hex/Tloc       0%         N/A       100%        4
 Iskenderun's Mystic Bla  Conj/Tloc      0%         2d3       100%        4
 Summon Hydra             Summ           0%         N/A       100%        7
 Sublimation of Blood     Necr           Unusable   N/A       N/A         2

Dungeon Overview and Level Annotations

Branches:
Dungeon (2/15)

Altars:
Ashenzari

Annotations:
D:2 Sigmund


Innate Abilities, Weirdness & Mutations

You are immune to sickness and miasma.
Your stone body is resilient. (AC +3)
You are immune to poison.
You resist negative energy. (rN+)
You are resistant to electric shocks. (rElec)
You are resistant to unholy torment.
You are immune to petrification.


Message History

You closely miss the adder. The adder bites you. Something hits you.
Something burns you.
* * * LOW HITPOINT WARNING * * *
The adder bites you but does no damage.
You are too injured to fight recklessly!
You are too injured to fight recklessly!
You are too injured to fight recklessly!
You are too injured to fight recklessly!
Unknown command.
Something hits you.
* * * LOW HITPOINT WARNING * * *
Something burns you.
* * * LOW HITPOINT WARNING * * *
The adder attacks as it pursues you! The adder closely misses you.
You block the adder's attack. The adder attacks as it pursues you!
The adder bites you but does no damage. The adder barely misses you.
The adder attacks as it pursues you! The adder bites you but does no damage.
The adder attacks as it pursues you! You block the adder's attack.
The adder bites you but does no damage. The adder bites you but does no damage.
You block the adder's attack. The adder attacks as it pursues you!
The adder bites you but does no damage. The adder attacks as it pursues you!
The adder completely misses you. The adder misses you.
The adder attacks as it pursues you! The adder misses you.
The adder bites you but does no damage. The adder barely misses you.
The adder attacks as it pursues you! The adder barely misses you.
The adder attacks as it pursues you! You block the adder's attack. x2
The adder attacks as it pursues you! You block the adder's attack.
The adder attacks as it pursues you! The adder bites you.
* * * LOW HITPOINT WARNING * * *
The adder bites you but does no damage.
You barely miss the adder. The adder barely misses you.
You barely miss the adder. You block the adder's attack.
The adder barely misses you. Something hits you.
* * * LOW HITPOINT WARNING * * *
Something burns you.
You die...

.# #....# .# #....#
####....## ..#......#
.##.{....#
.##.####.#########
.##.####.#......K#
.##....#.#.#####S#
.##..#K#{..# #@#
###..#.################
###..#.# #.........
.....#.######.P......
.###........############
#.#.###.............#
#...# #..######.##..#
#.### #..#.........##
#.#####..#.###.#####


You could see an adder and a kobold.

Vanquished Creatures
  Jessica (D:2)
  An adder (D:2)
  2 ribbon worms (D:2)
  2 endoplasms (D:2)
  A giant cockroach (D:2)
  4 goblins (D:1)
  5 hobgoblins
  A quokka (D:1)
  3 ball pythons (D:1)
  4 bats
  4 frilled lizards
  2 kobolds (D:2)
  2 rats
32 creatures vanquished.

Notes
Turn   | Place    | Note
-------+----------+-------------------------------------------
     0 | D:1      | AdnanSaban the Gargoyle Fighter began the quest for the
                  | Orb.
     0 | D:1      | Reached XP level 1. HP: 14/14 MP: 1/1
   134 | D:1      | Reached XP level 2. HP: 19/19 MP: 2/2
   983 | D:2      | Found a broken altar of Ashenzari.
  1002 | D:2      | Reached XP level 3. HP: 22/23 MP: 3/3
  1463 | D:2      | Noticed Jessica
  1468 | D:2      | Killed Jessica
  1469 | D:2      | Reached skill level 4 in Armour
  1469 | D:2      | Reached XP level 4. HP: 28/28 MP: 4/4
  1496 | D:2      | Noticed Sigmund
  1514 | D:2      | HP: 1/28 [something (2)]
  1542 | D:2      | Slain by Sigmund

Illustrated notes

Levels and vault maps discovered:
D:1:      dreamdust_arrival_beginning_and_end, layout_basic
D:2:      layout_basic, basic_altar, serial_aquarium,
          aquarium_bridge_long_joined [aquarium_subvault_bridge,
          aquarium_subvault_wall, aquarium_subvault_bridge,
          aquarium_subvault_window, aquarium_subvault_window,
          aquarium_subvault_window], aquarium_bridge_island_large
          [aquarium_subvault_large_open, aquarium_subvault_bridge,
          aquarium_subvault_window, aquarium_subvault_bridge,
          aquarium_subvault_balcony], aquarium_window_2, aquarium_window_1,
          aquarium_window_fake, aquarium_view_2d, aquarium_view_2d,
          uniq_sigmund, uniq_jessica

Skill      XL: |  1  2  3 |
---------------+----------+-----
Armour         | 4 |  4.2
Fighting       | |  3.6
Maces & Flails | |  2.6
Dodging        | |  0.4
Shields        | |  3.7

Action                     |  1- 3 |  4- 6 || total
---------------------------+-------+-------++-------
  Melee: Flail             |   141 |    20 ||   161
 Armour: Scale mail        |   108 |    29 ||   137
  Dodge: Dodged            |    55 |    18 ||    73
  Block: Buckler           |    31 |    16 ||    47
